 Dungeon Crawl Stone Soup version 0.31-a0-986-g5e6e4ef867 (webtiles) character file.

Game seed: 12806937283497660602

82751 Zonian the Eclecticist (level 15, -23/81 HPs)
             Began as a Deep Elf Earth Elementalist on Nov 22, 2023.
             Was an Elder of Vehumet.
             Killed from afar by Azrael (34 damage)
             ... with a fireball
             ... on level 15 of the Dungeon on Nov 23, 2023.
             The game lasted 02:31:21 (38593 turns).

Zonian the Eclecticist (DEEE)                      Turns: 38593, Time: 02:31:21

Health: -23/81     AC: 11    Str:  7    XL:     15   Next: 30%
Magic:  17/36      EV: 17    Int: 32    God:    Vehumet [****..]
Gold:   962        SH:  0    Dex: 18    Spells: 0/44 levels left

rFire   . . .        e - staff of earth {!astaff}
rCold   . . .        (no shield)
rNeg    + + .        C - +2 steam dragon scales
rPois   .            (no helmet)
rElec   .            W - scarf {shadows}
rCorr   .            s - +1 pair of gloves
SInv    .            f - +1 pair of boots
Will    +++..        b - amulet of magic regeneration {@e2}
Stlth   ++++         S - ring "Cithryts" {rN++ Will+ Int+3}
HPRegen 0.33/turn    n - ring of Xikhlomukh {Will+ Int+3 Dex+3}
MPRegen 0.65/turn

%: no passive effects
@: very slightly contaminated
A: no striking features
a: Renounce Religion


You were on level 15 of the Dungeon.
You worshipped Vehumet.
Vehumet was greatly pleased with you.
You visited 3 branches of the dungeon, and saw 21 of its levels.
You also visited: Sewer.

You collected 1382 gold pieces.
You spent 420 gold pieces at shops.


   Skills:
 + Level 4.9 Fighting
 + Level 2.4 Ranged Weapons
 - Level 8.2 Dodging
 - Level 8.8 Stealth
 + Level 15.2 Spellcasting
 + Level 10.7 Conjurations
 + Level 3.5 Necromancy
 - Level 10.2 Transmutations
 + Level 8.0 Fire Magic
 + Level 9.4 Ice Magic
 + Level 7.0 Air Magic
 + Level 13.1 Earth Magic
 - Level 5.6 Evocations


You couldn't memorise any spells.
You knew the following spells:

 Your Spells              Type           Power      Damage    Failure   Level
a - Sandblast             Erth           100%       2d20      0%          1
b - Stone Arrow           Conj/Erth      100%       3d13      1%          3
c - Passwall              Tmut/Erth      82%        N/A       1%          2
d - Petrify               Tmut/Erth      99%        N/A       1%          4
e - Brom's Barrelling Bo  Conj/Erth      100%       2d11      1%          4
f - Hailstorm             Conj/Ice       73%        3d15      1%          3
g - Frozen Ramparts       Ice            100%       1d16      1%          3
h - Sticky Flame          Conj/Fire      71%        2d8       1%          4
i - Freezing Cloud        Conj/Ice/Air   35%        6-21      1%          5
j - Plasma Beam           Fire/Air       32%        2x1d45    3%          6
k - Borgnjor's Vile Clut  Necr/Erth      43%        N/A       1%          5
l - Iskenderun's Mystic   Conj/Tloc      56%        2d12      1%          4

Your spell library contained the following spells:

 Spells                   Type           Power      Damage    Failure   Level
 Fireball                 Conj/Fire      35%        3d15      1%          5
 Apportation              Tloc           48%        N/A       1%          1
 Foxfire                  Conj/Fire      100%       2x1d9     1%          1
 Freeze                   Ice            100%       1d10      1%          1
 Necrotise                Necr           100%       1d9       1%          1
 Slow                     Hex            96%        N/A       1%          1
 Ignite Poison            Fire/Tmut/Pois 59%        N/A       1%          3
 Vampiric Draining        Necr           47%        2d9       1%          3
 Iskenderun's Battlesphe  Conj           75%        2d12      1%          5
 Conjure Ball Lightning   Conj/Air       34%        3x3d11    1%          6
 Jinxbite                 Hex            48%        N/A       2%          2
 Animate Dead             Necr           47%        N/A       4%          4
 Confusing Touch          Hex            24%        N/A       5%          3
 Gell's Gravitas          Tloc           24%        N/A       5%          3
 Sigil of Binding         Hex            24%        N/A       5%          3
 Summon Guardian Golem    Hex/Summ       24%        N/A       5%          3
 Teleport Other           Tloc           24%        N/A       5%          3
 Orb of Destruction       Conj           37%        9d11      5%          7
 Alistair's Intoxication  Tmut/Pois      36%        N/A       6%          5
 Agony                    Necr           47%        N/A       12%         5
 Manifold Assault         Tloc           24%        N/A       19%         4
 Spellforged Servitor     Conj/Summ      28%        N/A       38%         7
 Death Channel            Necr           23%        N/A       54%         6
 Ignition                 Fire           33%        3d10      69%         8
 Dispersal                Tloc           12%        N/A       95%         6
 Discord                  Hex            12%        N/A       100%        8
 Disjunction              Tloc           12%        N/A       100%        8
 Polar Vortex             Ice            35%        12d4*     100%        9

Inventory:

Hand Weapons
 d - a +1 short sword of venom {short}
   (You took it off Sonja on level 12 of the Dungeon)
 j - the +6 arbalest "Damnation" {damnation, crossbow}
   (You found it on level 14 of the Dungeon)
 q - a +2 dagger of speed {short}
   (You took it off an orc on level 8 of the Dungeon)
 x - a +2 dagger of venom {short}
   (You took it off an orc on level 7 of the Dungeon)
 D - the +7 hand axe of Shrieking Terror {elec, +Blink rElec Str-5 Int+3 Dex+2, axe}
   (You found it on level 12 of the Dungeon)

   Str-5:     It affects your strength (-5).
   Int+3:     It affects your intelligence (+3).
   Dex+2:     It affects your dexterity (+2).
   rElec:     It insulates you from electricity.
   +Blink:    It lets you blink.
 M - a +0 vampiric rapier {short}
   (You found it on level 3 of the Lair of Beasts)
 U - a +4 scimitar of flaming {long}
   (You took it off an efreet on level 14 of the Dungeon)
 X - a +1 vampiric dagger {short}
   (You took it off an orc on level 9 of the Dungeon)
Missiles
 l - 22 boomerangs {throwing}
 o - 21 poisoned darts {throwing}
 L - 2 throwing nets {=f!fthrowing}
 Z - 6 curare-tipped darts {=fthrowing}
Armour
 f - a +1 pair of boots (worn)
   (You found it on level 7 of the Dungeon)
 s - a +1 pair of gloves (worn)
   (You found it on level 5 of the Dungeon)
 z - the +1 hat of Qieho {rElec rF- Stlth+}
   (You found it on level 6 of the Dungeon)

   rF-:       It makes you vulnerable to fire.
   rElec:     It insulates you from electricity.
   Stlth+:    It makes you more stealthy.
 C - +2 steam dragon scales (worn)
   (You found it on level 8 of the Dungeon)
 H - a +0 robe
   (You took it off Erica on level 1 of the Lair of Beasts)
 V - a +2 cloak
   (You found it on level 9 of the Dungeon)
 W - a scarf of shadows (worn)
   (You found it on level 9 of the Dungeon)
Magical Staves
 e - a staff of earth (weapon) {!astaff}
   (You acquired it on level 6 of the Dungeon)
 O - a staff of cold {!astaff}
   (You found it on level 3 of the Lair of Beasts)
Jewellery
 a - a ring of see invisible
   (You found it on level 5 of the Lair of Beasts)
 b - an amulet of magic regeneration (around neck) {@e2}
   (You bought it in a shop on level 10 of the Dungeon)
 i - a ring of protection from cold
   (You found it on level 13 of the Dungeon)
 n - the ring of Xikhlomukh (right hand) {Will+ Int+3 Dex+3}
   (You found it on level 13 of the Dungeon)

   [ring of willpower]

   Int+3:     It affects your intelligence (+3).
   Dex+3:     It affects your dexterity (+3).
   Will+:     It increases your willpower.
 p - a +6 ring of intelligence
   (You found it on level 15 of the Dungeon)
 J - a ring of protection from fire
   (You found it on level 2 of the Lair of Beasts)
 S - the ring "Cithryts" (left hand) {rN++ Will+ Int+3}
   (You found it on level 4 of the Lair of Beasts)

   [ring of willpower]

   Int+3:     It affects your intelligence (+3).
   rN++:      It greatly protects you from negative energy.
   Will+:     It increases your willpower.
Talismans
 F - the granite talisman of Infinity {Dex+2 Slay+5}
   (You found it on level 1 of the Lair of Beasts)

   [granite talisman]

   Dex+2:     It affects your dexterity (+2).
   Slay+5:    It affects your accuracy & damage with ranged weapons and melee
   (+5).
Wands
 c - a wand of charming (23)
   (You found it on level 8 of the Dungeon)
 E - a wand of flame (25)
   (You took it off Joseph on level 8 of the Dungeon)
 P - a wand of polymorph (5)
   (You found it on level 5 of the Lair of Beasts)
Scrolls
 g - 3 scrolls of revelation
 w - 3 scrolls of vulnerability {!r!r}
 y - 2 scrolls of butterflies
 A - 2 scrolls of poison {!r}
 G - a scroll of fear
 K - 3 scrolls of immolation {!r!r}
 Q - 2 scrolls of enchant weapon
 T - 2 scrolls of fog
Potions
 h - 3 potions of might
 k - a potion of attraction {!q}
 m - 3 potions of curing {@q1}
 r - 3 potions of berserk rage {!q}
 t - 2 potions of enlightenment
 u - 2 potions of degeneration {!q@e2}
 v - 2 potions of mutation {!q}
 I - a potion of lignification {!q}
 N - 3 potions of cancellation
 R - 2 potions of ambrosia
Miscellaneous
 Y - a condenser vane
   (You found it on level 5 of the Lair of Beasts)

Dungeon Overview and Level Annotations

Branches:
Dungeon (15/15) Zot: 26115  Temple (1/1) D:4 Zot: 5983    Lair (5/5) D:8 Zot: 16464
 Shoals (0/4) Lair:3        Snake (0/4) Lair:2        Slime (0/5) Lair:4
    Orc (0/2) D:10         Vaults (0/5) D:13         Depths (0/4) D:15
  Sewer (visited)

Altars:
Ashenzari
Cheibriados
Dithmenos
Elyvilon
Fedhas
Gozag
Hepliaklqana
Kikubaaqudgha
Makhleb
Nemelex Xobeh
Okawaru
Qazlal
Ru
Sif Muna
Trog
Uskayaw
Vehumet
Wu Jian
Xom
Yredelemnul
Zin
The Shining One
Jiyva
Lugonu

Shops:
D:4 ([   D:5 (   D:10 [:(=

Portals:
Abyss: Lair:5
Trove: D:14 (give horn of Geryon)

Annotations:
D:3 1 runed translucent door, soul19's ghost, amateur DsFi
D:11 exclusion: oklob plant
D:15 Azrael

.....####.##..........#..##
........=.##..........#..#
..........##...........###
..........##..##.........
.....###..##..##......###.
.....# #......##........
.....# #......##........
.....# #..##..##........
.....###..##..##@......
..........##....h..###.
..........##.......#
..#.......##..##...#
..#...###.##.. #R.§# ...#
..#...# #.##. #°h§# ...#
..#...# .## #§§§# #..#
..#...# #.##..##.☼.#
#..##..# ..#...#
#.##..##...# #..##..#


You could see Azrael and 2 hell hounds.


Message History

Unknown command.
You now have 962 gold pieces (gained 21).
A hell hound comes into view. x2
The hell hound moves out of view. x2
Unknown command.
Casting: Stone Arrow (safe; 1% risk of failure)
Confirm with . or Enter, or press ? or * to list all spells.
Aiming: Freezing Cloud (mildly dangerous; 1% risk of failure)
Press: ? - help, Dir - move target, f - hell hound
Aim: a hell hound (wandering, hasn't noticed you)
The hell hound barks! x2
The hell hound is engulfed in freezing vapours. x2 😎 MP[-5]
You lost 5 mp, and now have 31/36 mp.
Unknown command.
Casting: Freezing Cloud (mildly dangerous; 1% risk of failure)
Confirm with . or Enter, or press ? or * to list all spells.
Aiming: Stone Arrow (safe; 1% risk of failure)
Press: ? - help, Shift-Dir - straight line, f/p - hell hound
Aim: a hell hound (freezing vapour, moderately wounded, 69% to hit)
You feel a surge of power!
The stone arrow hits the hell hound!!
The hell hound is engulfed in freezing vapours.
You kill the hell hound!
Vehumet accepts your kill.
You feel your power returning.
Unknown command.
Casting: Stone Arrow (safe; 1% risk of failure)
Confirm with . or Enter, or press ? or * to list all spells.
Aiming: Stone Arrow (safe; 1% risk of failure)
Press: ? - help, Shift-Dir - straight line, f - hell hound
Aim: a hell hound (moderately wounded, 69% to hit)
You feel a surge of power!
The stone arrow hits the hell hound!
You hear a bark!
Azrael the Boundless Flame comes into view.
He is wielding a +0 scimitar of flaming. 😎 MP[-3]
You lost 3 mp, and now have 28/36 mp.
Unknown command.
Casting: Stone Arrow (safe; 1% risk of failure)
Confirm with . or Enter, or press ? or * to list all spells.
Aiming: Stone Arrow (safe; 1% risk of failure)
Press: ? - help, Shift-Dir - straight line, f/p - hell hound
Aim: a hell hound (almost dead, 69% to hit)
You feel a surge of power!
The stone arrow misses the hell hound.
The hell hound breathes flames at you.
You hear a sizzling sound!
Azrael is engulfed in freezing vapours.
Azrael gestures at you.
The sphere of damnation explodes!
The damnation engulfs you!!!
Ouch! That really hurt!
* * * LOW HITPOINT WARNING * * *
You hear a shout! 😨 HP[-43] MP[-2]
You take 43 damage, and now have 38/81 hp.
MASSIVE DAMAGE!! (PAUSE)
You lost 2 mp, and now have 26/36 mp.
Casting: Stone Arrow (safe; 1% risk of failure)
Confirm with . or Enter, or press ? or * to list all spells.
Casting: Plasma Beam (dangerous; 3% risk of failure)
Press: ? - help, Dir - look around, f - activate The bolt of lightning hits Azrael!!
You hear a sizzling sound!
You hear a shout! x2
The hell hound breathes flames at you. The blast of flame hits you!
* * * LOW HITPOINT WARNING * * *
Azrael is engulfed in freezing vapours. 😨 HP[-17] MP[-5]
You take 17 damage, and now have 21/81 hp.
MASSIVE DAMAGE!! (PAUSE)
You lost 5 mp, and now have 21/36 mp.
Casting: Plasma Beam (dangerous; 3% risk of failure)
Confirm with . or Enter, or press ? or * to list all spells.
Okay, then.
You feel much better. Azrael gestures at you.
The bolt of fire hits the hell hound.
The hell hound completely resists.
The bolt of fire hits you!!
* * * LOW HITPOINT WARNING * * *
😱 HP[-7]
You take 7 damage, and now have 14/81 hp.
Unknown command.
You feel much better. The hell hound breathes flames at you.
The blast of flame hits you!
* * * LOW HITPOINT WARNING * * *
😨 HP[+8] MP[+1]
You regained 8 hp, and now have 22/81 hp.
Unknown command.
Casting: Plasma Beam (dangerous; 3% risk of failure)
Confirm with . or Enter, or press ? or * to list all spells.
Casting: Plasma Beam (dangerous; 3% risk of failure)
Press: ? - help, Dir - look around, f - activate You miscast Plasma Beam.
You are very lightly contaminated with residual magic.
There is a sudden and violent explosion of flames!
* * * LOW HITPOINT WARNING * * *
The hell hound is engulfed in freezing vapours.
Azrael gestures at you.
The fireball explodes!
The fireball engulfs the hell hound.
The hell hound completely resists.
The fireball engulfs you!!
You die...

Skill      XL: |  1  2  3  4  5  6  7  8  9 10 11 12 13 14 15 |
---------------+----------------------------------------------+-----
Spellcasting   | 4 5 6 7 9 10 11 12 13 14 15 | 15.2
Earth Magic    | 4 5 6 7 8 9 10 11 12 13 | 13.1
Conjurations   | 3 5 6 7 8 9 10 | 10.7
Transmutations | 4 5 6 7 8 9 10 | 10.2
Ice Magic      | 2 4 5 6 7 9 |  9.4
Stealth        | 4 6 7 8 |  8.8
Dodging        | 4 5 7 8 |  8.2
Evocations     | 2 4 5 |  5.6
Fire Magic     | 2 4 6 7 8 |  8.0
Air Magic      | 1 3 5 6 7 |  7.0
Fighting       | 2 4 |  4.9
Necromancy     | 2 3 |  3.5
Ranged Weapons | 2 |  2.4

Action                     |  1- 3 |  4- 6 |  7- 9 | 10-12 | 13-15 || total
---------------------------+-------+-------+-------+-------+-------++-------
  Melee: Unarmed           |     3 |       |       |       |       ||     3
         Dagger            |       |       |       |    13 |    22 ||    35
         Staff             |       |       |       |     2 |       ||     2
         Punch             |       |       |       |       |     3 ||     3
         Short sword       |       |       |       |       |     1 ||     1
  Throw: Dart              |       |       |     2 |       |       ||     2
         Boomerang         |       |       |       |     2 |       ||     2
   Cast: Sandblast         |    70 |    82 |    37 |    49 |    45 ||   283
         Stone Arrow       |       |     3 |   101 |   210 |   405 ||   719
         Petrify           |       |       |       |    10 |     2 ||    12
         Frozen Ramparts   |       |       |       |    19 |     9 ||    28
         Freezing Cloud    |       |       |       |    17 |    70 ||    87
         Brom's Barrelling |       |       |       |     5 |     9 ||    14
         Sticky Flame      |       |       |       |     2 |     7 ||     9
         Hailstorm         |       |       |       |     7 |     7 ||    14
         Plasma Beam       |       |       |       |       |    79 ||    79
         Borgnjor's Vile C |       |       |       |       |    11 ||    11
  Evoke: Wand              |       |       |       |     1 |     3 ||     4
    Use: Scroll            |     5 |    14 |     5 |     7 |    11 ||    42
         Potion            |       |     4 |       |     3 |    11 ||    18
   Stab: Sleeping          |       |       |       |     3 |     1 ||     4
 Armour: Robe              |    22 |    42 |     5 |       |       ||    69
         Leather armour    |       |       |    13 |       |       ||    13
         Steam dragon scal |       |       |    14 |    81 |   199 ||   294
  Dodge: Dodged            |    28 |    30 |    21 |    60 |   197 ||   336

Levels and vault maps discovered:
D:1:      grunt_arrival_crossed_arrows, layout_basic,
          hellmonk_ecumenical_altar_pennies_from_heaven
D:2:      layout_basic, minmay_misc_feat_enclosed
D:3:      layout_basic, ebering_ghost_sewer_f
D:4:      layout_basic, minmay_temple_entry_tees, serial_shops, shop, shop
D:5:      kennysheep_slugbush, layout_rooms, nicolae_gozag_seed_capital,
          nicolae_uskayaw_suspiria, lightli_sewer_entry_pipes,
          doesnt_shop_hydraphobe, uniq_crazy_yiuf_cottage
D:6:      layout_loops_ring, mainiacjoe_overflow_brackets, minmay_holes,
          nicolae_kite_square_tiling_tiny, chequers_serial_rivers_micro_e
D:7:      corexii_shack_village, layout_loops_ring, tso_oasis_becter,
          chequers_serial_rivers_micro_e
D:8:      layout_loops_ring, lightli_temple_of_fire, david_lair_generic,
          uniq_joseph
D:9:      layout_grid_maze, serial_glass, glass_columns_a, glass_columns_a,
          item_on_display_a, feat_on_display, nicolae_straight_to_the_point
D:10:     layout_stronghold, old_standard_altar,
          nicolae_qazlal_general_emergency, zin_treasury, orc_0_dummy,
          serial_shops, shop, nicolae_shop_pleasant_corner_grove,
          kennysheep_mini, shop
D:11:     regret_index_harrowing_hell_hive, layout_cave_pools, uniq_harold
D:12:     layout_basic, portal_ice_cave_entry_imps, kennysheep_nondescript,
          grunt_ministairs_4, uniq_rupert, uniq_sonja, uniq_josephine
D:13:     minmay_four_partial_circles, layout_layer_cave, david_vaults_2
D:14:     layout_cave_pods, minmay_misc_feat_tower, enter_trove_5,
          hellmonk_guarded_unrand_damnation
D:15:     grunt_enter_depths_giant_problem, layout_long_grid,
          minmay_misc_feat_square, eino_small_chamber_without_monster,
          small_chamber_with_monster, serial_bayou_pond_b, solitary_fountain,
          laboratory, uniq_roxanne, uniq_azrael
Temple:   nicolae_temple_two_arcs
Lair:1:   layout_gridlike, kennysheep_abandoned_house,
          infiniplex_staircase_pool_2, serial_bayou_shore_a, uniq_erica
Lair:2:   layout_regular_city, minmay_snake_entry_guardpost_medium,
          infiniplex_staircase_pool, grunt_megastairs_1
Lair:3:   layout_roguey, minmay_shoals_entry_beasts
Lair:4:   layout_cave_pods, nicolae_slime_entry_slimehenge,
          gauntlet_entry_generic, nicolae_volcano_entry_vermiform
Lair:5:   hellmonk_lair_end_abyssal_woods, layout_long_grid,
          serial_bayou_pond_c, lemuel_fruit_tree

Notes
Turn   | Place    | Note
-------+----------+-------------------------------------------
     0 | D:1      | Zonian the Deep Elf Earth Elementalist began the quest for
                  | the Orb.
     0 | D:1      | Reached XP level 1. HP: 10/10 MP: 6/6
     0 | D:1      | magus.rc [v1.9.6]
    68 | D:1      | You pick up a book of the Warp and begin reading...
    68 | D:1      | You add the spells Manifold Assault, Dispersal and
                  | Disjunction to your library.
   140 | D:1      | Reached XP level 2. HP: 15/15 MP: 5/8
   532 | D:1      | Reached skill level 4 in Spellcasting
   532 | D:1      | Reached skill level 4 in Earth Magic
   565 | D:1      | Found a faded altar of an unknown god.
   652 | D:1      | Reached XP level 3. HP: 19/19 MP: 8/10
   656 | D:1      | Learned a level 3 spell: Stone Arrow
  2260 | D:3      | Reached XP level 4. HP: 24/24 MP: 6/12
  2625 | D:3      | Found a runed translucent door.
  2626 | D:3      | Noticed soul19's ghost (amateur DsFi)
  2648 | D:3      | Found a runed translucent door.
  2954 | D:4      | Found Xukhur's Armour Shop.
  3062 | D:4      | Reached skill level 5 in Spellcasting
  3147 | D:4      | Found a staircase to the Ecumenical Temple.
  3156 | Temple   | Entered the Ecumenical Temple
  3164 | Temple   | Became a worshipper of Vehumet
  3186 | D:4      | Found Anuthapil's Weapon Shoppe.
  3546 | D:5      | Entered Level 5 of the Dungeon
  3592 | D:5      | Found an opulent altar of Gozag.
  3621 | D:5      | Reached skill level 5 in Earth Magic
  3621 | D:5      | Reached XP level 5. HP: 28/28 MP: 12/14
  3687 | D:5      | Reached skill level 6 in Spellcasting
  3690 | D:5      | HP: 7/28 [something (2)]
  3822 | D:5      | Reached XP level 6. HP: 32/32 MP: 11/17
  3866 | D:5      | Reached * piety under Vehumet
  3866 | D:5      | Offered knowledge of Foxfire by Vehumet.
  3867 | D:5      | Reached skill level 6 in Earth Magic
  3924 | D:5      | Found a glowing drain.
  3932 | Sewer    | Entered a sewer
  4113 | Sewer    | Noticed a water moccasin
  4114 | Sewer    | magus.rc [v1.9.6]
  4121 | Sewer    | HP: 6/32 [water moccasin (6)]
  4126 | Sewer    | Killed a water moccasin
  4127 | Sewer    | Reached skill level 7 in Spellcasting
  4532 | D:5      | Found a hide-covered altar of Uskayaw.
  4556 | D:5      | Noticed an ice beast
  4624 | D:5      | Found Ruitacos's Hydra Hut.
  4625 | D:5      | Noticed a six-headed hydra
  5034 | D:6      | You add the spells Ignite Poison, Sticky Flame and Ignition
                  | to your library.
  5050 | D:6      | Identified a scroll of acquirement
  5050 | D:6      | Identified the "Jaogum" (You acquired it on level 6 of the
                  | Dungeon)
  5050 | D:6      | Acquired a staff of earth
  5164 | D:6      | Found a burning altar of Makhleb.
  5201 | D:6      | Identified the +1 hat of Qieho {rElec rF- Stlth+}
  5289 | D:6      | Reached XP level 7. HP: 36/36 MP: 17/19
  5610 | D:6      | Reached skill level 7 in Earth Magic
  5736 | D:6      | Reached skill level 8 in Spellcasting
  6013 | D:7      | Reached skill level 9 in Spellcasting
  6103 | D:7      | Reached XP level 8. HP: 41/41 MP: 15/23
  6305 | D:7      | You add the spells Gell's Gravitas and Teleport Other to
                  | your library.
  6309 | D:7      | Learned a level 2 spell: Passwall
  6314 | D:7      | Learned a level 4 spell: Petrify
  6319 | D:7      | Learned a level 4 spell: Brom's Barrelling Boulder
  6377 | D:7      | Reached skill level 8 in Earth Magic
  6379 | D:7      | Reached skill level 1 in Conjurations
  6674 | D:7      | Reached skill level 2 in Transmutations
  6820 | D:7      | Reached skill level 2 in Conjurations
  6985 | D:7      | Reached skill level 3 in Transmutations
  7209 | D:7      | Found a glowing golden altar of the Shining One.
  7266 | D:7      | Reached ** piety under Vehumet
  7364 | D:7      | Offered knowledge of Static Discharge by Vehumet.
  7605 | D:7      | You pick up a book of Geomancy and begin reading...
  7806 | D:8      | Reached skill level 10 in Spellcasting
  7806 | D:8      | Reached skill level 3 in Conjurations
  8330 | D:8      | Found a staircase to the Lair.
  8330 | D:8      | Noticed an elephant
  8348 | D:8      | Reached skill level 4 in Transmutations
  8348 | D:8      | Reached XP level 9. HP: 45/45 MP: 18/25
  8568 | D:8      | Reached skill level 9 in Earth Magic
  8570 | D:8      | Reached skill level 4 in Conjurations
  8864 | D:8      | HP: 9/45 [steam dragon/ball of steam (10)]
  9147 | D:8      | You pick up a book of Frost and begin reading...
  9147 | D:8      | You add the spells Freeze, Frozen Ramparts and Hailstorm to
                  | your library.
  9152 | D:8      | Learned a level 3 spell: Hailstorm
  9156 | D:8      | Learned a level 3 spell: Frozen Ramparts
  9171 | D:8      | Noticed Joseph
  9252 | D:8      | Offered knowledge of Volatile Blastmotes by Vehumet.
  9253 | D:8      | Reached skill level 1 in Ice Magic
  9402 | D:8      | Found a bloodstained altar of Trog.
  9564 | D:8      | Reached skill level 3 in Stealth
  9568 | D:8      | Killed Joseph
  9569 | D:8      | Reached skill level 3 in Dodging
  9569 | D:8      | Reached skill level 5 in Transmutations
  9683 | D:8      | Reached skill level 11 in Spellcasting
  9688 | D:8      | Reached skill level 5 in Conjurations
  9705 | D:8      | Reached skill level 2 in Ice Magic
 10156 | D:12     | Identified the of Rira
 10156 | D:15     | Identified the "Wofokod"
 10156 | Lair:1   | Entered Level 1 of the Lair of Beasts
 10166 | Lair:1   | Reached skill level 4 in Stealth
 10242 | Lair:1   | Noticed a komodo dragon
 10254 | Lair:1   | Killed a komodo dragon
 10255 | Lair:1   | Reached skill level 4 in Dodging
 10255 | Lair:1   | Reached XP level 10. HP: 50/50 MP: 15/27
 10255 | Lair:1   | Reached *** piety under Vehumet
 10572 | Lair:1   | Reached skill level 3 in Ice Magic
 10671 | Lair:1   | Offered knowledge of Inner Flame by Vehumet.
 10753 | Lair:1   | Noticed a black mamba
 10851 | Lair:1   | Reached skill level 5 in Stealth
 10851 | Lair:1   | Reached skill level 6 in Transmutations
 11014 | Lair:1   | Killed a black mamba
 11015 | Lair:1   | Reached skill level 10 in Earth Magic
 11018 | Lair:1   | Identified the granite talisman of Infinity {Dex+2 Slay+5}
 11240 | Lair:1   | Reached skill level 5 in Dodging
 11268 | Lair:1   | Noticed a cane toad
 11560 | Lair:1   | Noticed Erica
 11575 | Lair:1   | Killed a cane toad
 11576 | Lair:1   | Reached skill level 6 in Conjurations
 11661 | Lair:1   | Reached skill level 1 in Evocations
 11667 | Lair:1   | HP: 12/50 [Erica/+2 scimitar of flaming (12)]
 11827 | Lair:1   | Reached skill level 4 in Ice Magic
 12127 | Lair:1   | Killed Erica
 12128 | Lair:1   | Reached skill level 6 in Stealth
 12354 | Lair:2   | Noticed a seven-headed hydra
 12354 | Lair:2   | Noticed an elephant
 12355 | Lair:2   | magus.rc [v1.9.6]
 12578 | Lair:2   | Reached skill level 2 in Evocations
 12578 | Lair:2   | Reached XP level 11. HP: 32/54 MP: 23/28
 12865 | Lair:2   | Reached skill level 12 in Spellcasting
 13016 | Lair:2   | Reached **** piety under Vehumet
 13019 | Lair:2   | Reached skill level 6 in Dodging
 13773 | Lair:2   | Noticed a catoblepas
 13797 | Lair:2   | Learned a level 4 spell: Sticky Flame
 14145 | Lair:2   | Killed a seven-headed hydra
 14146 | Lair:2   | Reached skill level 7 in Transmutations
 14146 | Lair:2   | Reached skill level 1 in Fire Magic
 14146 | Lair:2   | Reached skill level 3 in Evocations
 14403 | Lair:2   | Reached skill level 5 in Ice Magic
 14438 | Lair:2   | Reached skill level 7 in Conjurations
 14449 | Lair:2   | Offered knowledge of Freezing Cloud by Vehumet.
 14456 | Lair:2   | Reached skill level 7 in Stealth
 14599 | Lair:2   | Learned a level 5 spell: Freezing Cloud
 14664 | Lair:2   | Reached skill level 2 in Fire Magic
 14781 | Lair:2   | Killed a catoblepas
 14782 | Lair:2   | Reached skill level 1 in Air Magic
 14946 | Lair:2   | Reached skill level 4 in Evocations
 15247 | Lair:2   | Reached skill level 7 in Dodging
 15513 | Lair:2   | Found a staircase to the Snake Pit.
 15598 | Lair:3   | Reached XP level 12. HP: 59/59 MP: 16/30
 15774 | Lair:3   | Reached skill level 11 in Earth Magic
 15938 | Lair:3   | Reached skill level 3 in Fire Magic
 16093 | Lair:3   | Reached skill level 2 in Air Magic
 16589 | Lair:3   | Reached skill level 8 in Stealth
 16589 | Lair:3   | Reached skill level 6 in Ice Magic
 16931 | Lair:3   | Reached skill level 8 in Transmutations
 16932 | Lair:3   | Reached skill level 13 in Spellcasting
 17039 | Lair:3   | You pick up a book of Debilitation and begin reading...
 17039 | Lair:3   | You add the spells Slow, Sigil of Binding, Vampiric
                  | Draining and Confusing Touch to your library.
 17054 | Lair:3   | Reached ***** piety under Vehumet
 17054 | Lair:3   | Offered knowledge of Orb of Destruction by Vehumet.
 17055 | Lair:3   | Reached skill level 8 in Conjurations
 17055 | Lair:3   | Reached skill level 3 in Air Magic
 17055 | Lair:3   | Reached skill level 5 in Evocations
 17342 | Lair:3   | Found a staircase to the Shoals.
 17357 | Lair:3   | Reached skill level 4 in Fire Magic
 17682 | Lair:4   | You fall into a shaft and drop 1 floor!
 17682 | Lair:5   | Entered Level 5 of the Lair of Beasts
 17865 | Lair:4   | Reached skill level 8 in Dodging
 18002 | Lair:4   | Found a staircase to the Slime Pits.
 18025 | Lair:4   | Found a viscous altar of Jiyva.
 18201 | Lair:4   | Identified the ring "Cithryts" {rN++ Will+ Int+3}
 18921 | Lair:4   | Reached XP level 13. HP: 32/63 MP: 24/32
 20015 | Lair:5   | Reached skill level 1 in Fighting
 20019 | Lair:5   | Reached skill level 5 in Fire Magic
 20170 | Lair:5   | Reached skill level 7 in Ice Magic
 20249 | Lair:5   | Reached skill level 4 in Air Magic
 20266 | Lair:5   | Identified the +0 robe "Aniola" {Int+2 Dex+2 Slay-2}
 21335 | Lair:5   | Reached skill level 9 in Transmutations
 21467 | Lair:5   | Reached skill level 2 in Fighting
 21479 | Lair:5   | Reached skill level 9 in Conjurations
 21803 | Lair:5   | Offered knowledge of Plasma Beam by Vehumet.
 22352 | Lair:5   | Reached skill level 12 in Earth Magic
 22402 | Lair:5   | Reached skill level 14 in Spellcasting
 23031 | D:9      | Reached skill level 5 in Air Magic
 23035 | D:9      | Reached skill level 6 in Fire Magic
 23156 | D:9      | You pick up a book of Necromancy and begin reading...
 23156 | D:9      | You add the spells Necrotise and Agony to your library.
 24760 | D:10     | Entered Level 10 of the Dungeon
 24799 | D:10     | Found Woimololl's Jewellery Shop.
 24825 | D:10     | magus.rc [v1.9.6]
 25536 | D:10     | Found Fuxkah's Antique Armour Shoppe.
 25604 | D:10     | Found a shimmering altar of Xom.
 25629 | D:10     | Found a staircase to the Orcish Mines.
 25739 | D:10     | Found a stormy altar of Qazlal.
 26137 | D:10     | Found a glowing silver altar of Zin.
 26196 | D:10     | Found Ruboedwo's Book Emporium.
 26239 | D:10     | Found Nitzuy's Weapon Shoppe.
 26800 | D:11     | You pick up a book of Unlife and begin reading...
 26800 | D:11     | You add the spells Animate Dead, Borgnjor's Vile Clutch and
                  | Death Channel to your library.
 26804 | D:11     | Identified the +6 flail "Xesogaoq" {heavy, *Rage Will++
                  | Str+4}
 26818 | D:11     | You pick up a book of Party Tricks and begin reading...
 26818 | D:11     | You add the spells Apportation, Jinxbite and Alistair's
                  | Intoxication to your library.
 26879 | D:11     | Noticed Harold
 26890 | D:11     | Killed Harold
 26891 | D:11     | Reached XP level 14. HP: 44/72 MP: 9/34
 26891 | D:11     | HP: 6/72 [cyclops/large rock (38)]
 26895 | D:11     | Reached skill level 3 in Fighting
 27508 | D:11     | Reached skill level 8 in Ice Magic
 28603 | D:12     | Learned a level 6 spell: Plasma Beam
 28879 | D:12     | Noticed Josephine
 28886 | D:12     | Killed Josephine
 29316 | D:12     | Noticed Rupert
 29324 | D:12     | Killed Rupert
 29727 | D:12     | Offered knowledge of Fireball by Vehumet.
 29791 | D:12     | Noticed Sonja
 29792 | D:12     | Killed Sonja
 30132 | D:12     | Identified the +7 hand axe of Shrieking Terror {elec,
                  | +Blink rElec Str-5 Int+3 Dex+2}
 30311 | D:12     | Reached skill level 10 in Transmutations
 30441 | D:12     | magus.rc [v1.9.6]
 30498 | D:13     | Found a gate to the Vaults.
 30508 | D:13     | Reached skill level 6 in Air Magic
 30591 | D:13     | HP: 18/75 [meliai/+0 hand axe (3)]
 30596 | D:13     | Reached skill level 7 in Fire Magic
 30597 | D:13     | HP: 3/75 [manticore/volley of spikes (17)]
 30600 | D:13     | Reached skill level 10 in Conjurations
 30606 | D:13     | Reached skill level 4 in Fighting
 30609 | D:13     | HP: 12/76 [green ugly thing (5)]
 30969 | D:12     | Learned a level 5 spell: Borgnjor's Vile Clutch
 31845 | D:10     | Bought an amulet of magic regeneration for 420 gold pieces
 32069 | D:13     | Reached skill level 1 in Necromancy
 32746 | D:13     | magus.rc [v1.9.6]
 32965 | D:13     | Identified the ring of Xikhlomukh {Will+ Int+3 Dex+3}
 33461 | D:14     | Reached skill level 9 in Ice Magic
 33704 | D:14     | Reached skill level 15 in Spellcasting
 33704 | D:14     | Reached skill level 2 in Necromancy
 34228 | D:14     | Reached XP level 15. HP: 57/80 MP: 29/36
 34471 | D:14     | Found the +6 arbalest "Damnation" {damnation}
 34537 | D:14     | You pick up a book of Dangerous Friends and begin
                  | reading...
 34537 | D:14     | You add the spells Summon Guardian Golem, Orb of
                  | Destruction and Spellforged Servitor to your library.
 35394 | D:14     | Reached skill level 1 in Ranged Weapons
 35522 | D:14     | Found a portal to a secret trove of treasure.
 35722 | D:13     | Reached skill level 13 in Earth Magic
 36603 | Lair:5   | Found a corrupted altar of Lugonu.
 36603 | Lair:5   | Found a one-way gate to the infinite horrors of the Abyss.
 36682 | Lair:5   | Reached skill level 3 in Necromancy
 36732 | Lair:5   | You pick up a book of Chaos and begin reading...
 36732 | Lair:5   | You add the spells Conjure Ball Lightning and Discord to
                  | your library.
 37709 | D:15     | Entered Level 15 of the Dungeon
 37953 | D:15     | You add the spells Foxfire, Iskenderun's Mystic Blast,
                  | Iskenderun's Battlesphere and Polar Vortex to your library.
 37959 | D:15     | Learned a level 4 spell: Iskenderun's Mystic Blast
 38005 | D:15     | Found a staircase to the Depths.
 38005 | D:15     | Noticed a fire giant
 38037 | D:15     | Killed a fire giant
 38038 | D:15     | Reached skill level 2 in Ranged Weapons
 38405 | D:15     | Reached skill level 7 in Air Magic
 38406 | D:15     | Reached skill level 8 in Fire Magic
 38588 | D:15     | Noticed Azrael
 38591 | D:15     | HP: 14/81 [Azrael/bolt of fire (32)]
 38593 | D:15     | Killed from afar by Azrael

Vanquished Creatures
  Rupert (D:12)
  A fire giant (D:15)
  An entropy weaver (shapeshifter) (D:14)
  Josephine (D:12)
  A hydra (Lair:2)
  Harold (D:11)
  A vault guard (D:14)
  2 catoblepae
  Erica (Lair:1)
  5 centaur warriors
  A death knight (D:15)
  3 tengu warriors
  5 boulder beetles
  4 two-headed ogres
  2 thrashing horrors (Lair:5)
  Sonja (D:12)
  5 skeletal warriors (D:13)
  A skyshark (Lair:5)
  A sea snake (shapeshifter) (D:13)
  17 slime creatures
  A lindwurm (Lair:4)
  4 deep elf pyromancers
  5 manticores
  5 ugly things
  5 cyclopes
  2 large abominations (Lair:5)
  4 black mambas
  Joseph (D:8)
  27 elephants
  A smoke demon (Lair:5)
  2 gargoyles (D:13)
  A torpor snail (Lair:4)
  5 cane toads
  2 cane toads (shapeshifter)
  4 unseen horrors
  A kobold demonologist (D:11)
  A freezing wraith (D:15)
  2 efreet (D:14)
  10 komodo dragons
  A hellion (D:14)
  A rime drake (Lair:2)
  A meliai (D:13)
  3 polar bears
  3 trolls
  27 blink frogs
  A hornet (shapeshifter) (D:15)
  A raiju (Lair:5)
  A wind drake (Lair:3)
  A hornet (D:10)
  2 blink frogs (shapeshifter)
  6 dream sheep (Lair:3)
  A spriggan (Lair:5)
  A ynoxinul (Lair:5)
  7 wraiths
  3 shadows
  3 vampires
  6 basilisks
  38 yaks
  A fire elemental (D:15)
  2 wyverns (Lair:1)
  4 steam dragons
  8 vampire mosquitoes
  2 chaos spawn (Lair:5)
  4 acid dragons
  A naga (shapeshifter) (Lair:5)
  14 small abominations (Lair:5)
  5 nagas (Lair:2)
  15 water moccasins
  A hell hound (D:15)
  6 orc warriors
  An ice beast (D:8)
  A black bear (D:8)
  12 wolves
  A boggart (D:15)
  8 centaurs
  2 kobold brigands
  14 bullfrogs
  3 gnoll sergeants
  4 wights (D:7)
  31 killer bees
  4 howler monkeys
  7 jellies
  4 hounds
  An iguana (D:5)
  2 hell rats (Lair:1)
  12 orc wizards
  11 gnolls
  6 adders
  15 river rats
  A shadow imp (D:8)
  15 white imps
  2 ufetubi (D:6)
  A worm (D:5)
  12 dart slugs
  35 orcs
  11 ball pythons
  10 endoplasms
  3 giant cockroaches
  6 goblins
  17 hobgoblins
  7 jackals
  A quokka (D:5)
  4 bats (D:1)
  4 frilled lizards
  23 kobolds
  11 rats
610 creatures vanquished.

Vanquished Creatures (collateral kills)
  4 boulders
4 creatures vanquished.

Vanquished Creatures (others)
  2 boulders
2 creatures vanquished.

Grand Total: 616 creatures vanquished

Table legend:
 A = Non-vault XP
 B = Vault XP
 C = Vault XP percentage of total XP
 D = Non-vault monster count
 E = Vault monster count
 F = Vault count percentage of total count
                 A         B        C        D         E       F
            +---------+---------+-------+---------+---------+-------
      Total |   75535 |   42681 |  36.1 |     398 |     212 |  34.8
            +---------+---------+-------+---------+---------+-------
        D:1 |      56 |       0 |   0.0 |      31 |       0 |   0.0
        D:2 |      28 |       0 |   0.0 |      11 |       0 |   0.0
        D:3 |      23 |       2 |   8.0 |      12 |       2 |  14.3
        D:4 |      98 |       0 |   0.0 |      12 |       0 |   0.0
        D:5 |     203 |     117 |  36.6 |      11 |      17 |  60.7
        D:6 |     424 |       0 |   0.0 |      13 |       0 |   0.0
        D:7 |    1074 |      34 |   3.1 |      20 |      18 |  47.4
        D:8 |    1818 |    1508 |  45.3 |      32 |       5 |  13.5
        D:9 |    2133 |       0 |   0.0 |      27 |       0 |   0.0
       D:10 |    2688 |       0 |   0.0 |      12 |       0 |   0.0
       D:11 |    2555 |    5238 |  67.2 |      17 |      27 |  61.4
       D:12 |    5209 |    5113 |  49.5 |      18 |      22 |  55.0
       D:13 |    8693 |    9070 |  51.1 |      25 |      20 |  44.4
       D:14 |    9370 |    1938 |  17.1 |      20 |       4 |  16.7
       D:15 |    2740 |    4039 |  59.6 |       5 |       9 |  64.3
     Lair:1 |    4706 |    1274 |  21.3 |      22 |      20 |  47.6
     Lair:2 |    8777 |    1970 |  18.3 |      31 |      12 |  27.9
     Lair:3 |   10708 |     814 |   7.1 |      32 |       2 |   5.9
     Lair:4 |    4589 |     886 |  16.2 |      22 |       9 |  29.0
     Lair:5 |    9643 |   10517 |  52.2 |      25 |      42 |  62.7
      Sewer |       0 |     161 | 100.0 |       0 |       3 | 100.0
            +---------+---------+-------+---------+---------+-------

Skill      XL: |  1  2  3  4  5  6  7  8  9 10 11 12 13 14 15 |
---------------+----------------------------------------------+-----
Spellcasting   | 4 5 6 7 9 10 11 12 13 14 15 | 15.2
Earth Magic    | 4 5 6 7 8 9 10 11 12 13 | 13.1
Conjurations   | 3 5 6 7 8 9 10 | 10.7
Transmutations | 4 5 6 7 8 9 10 | 10.2
Ice Magic      | 2 4 5 6 7 9 |  9.4
Stealth        | 4 6 7 8 |  8.8
Dodging        | 4 5 7 8 |  8.2
Evocations     | 2 4 5 |  5.6
Fire Magic     | 2 4 6 7 8 |  8.0
Air Magic      | 1 3 5 6 7 |  7.0
Fighting       | 2 4 |  4.9
Necromancy     | 2 3 |  3.5
Ranged Weapons | 2 |  2.4

Action                     |  1- 3 |  4- 6 |  7- 9 | 10-12 | 13-15 || total
---------------------------+-------+-------+-------+-------+-------++-------
  Melee: Unarmed           |     3 |       |       |       |       ||     3
         Dagger            |       |       |       |    13 |    22 ||    35
         Staff             |       |       |       |     2 |       ||     2
         Punch             |       |       |       |       |     3 ||     3
         Short sword       |       |       |       |       |     1 ||     1
  Throw: Dart              |       |       |     2 |       |       ||     2
         Boomerang         |       |       |       |     2 |       ||     2
   Cast: Sandblast         |    70 |    82 |    37 |    49 |    45 ||   283
         Stone Arrow       |       |     3 |   101 |   210 |   405 ||   719
         Petrify           |       |       |       |    10 |     2 ||    12
         Frozen Ramparts   |       |       |       |    19 |     9 ||    28
         Freezing Cloud    |       |       |       |    17 |    70 ||    87
         Brom's Barrelling |       |       |       |     5 |     9 ||    14
         Sticky Flame      |       |       |       |     2 |     7 ||     9
         Hailstorm         |       |       |       |     7 |     7 ||    14
         Plasma Beam       |       |       |       |       |    79 ||    79
         Borgnjor's Vile C |       |       |       |       |    11 ||    11
  Evoke: Wand              |       |       |       |     1 |     3 ||     4
    Use: Scroll            |     5 |    14 |     5 |     7 |    11 ||    42
         Potion            |       |     4 |       |     3 |    11 ||    18
   Stab: Sleeping          |       |       |       |     3 |     1 ||     4
 Armour: Robe              |    22 |    42 |     5 |       |       ||    69
         Leather armour    |       |       |    13 |       |       ||    13
         Steam dragon scal |       |       |    14 |    81 |   199 ||   294
  Dodge: Dodged            |    28 |    30 |    21 |    60 |   197 ||   336

Illustrated notes

Table legend:
 A = Kills in this place as a percentage of kills in the entire game.
 B = Kills by you in this place as a percentage of kills by you in the entire game.
 C = Kills by friends in this place as a percentage of kills by friends in the entire game.
 D = Other kills in this place as a percentage of other kills in the entire game.
 E = Experience gained in this place as a percentage of experience gained in the entire game.
 F = Experience gained in this place divided by the number of levels of this place that you have seen.
                   A       B       C       D       E      F
               +-------+-------+-------+-------+-------+----------------------
         Total | 100.0 | 100.0 |   N/A |   N/A | 100.0 | 5373.5
       Dungeon |  63.9 |  63.9 |   N/A |   N/A |  54.3 | 4278.1
          Lair |  35.6 |  35.6 |   N/A |   N/A |  45.6 | 10776.8
         Sewer |   0.5 |   0.5 |   N/A |   N/A |   0.1 | 161.0
               +-------+-------+-------+-------+-------+----------------------

Table legend: (Time is in decaauts)
 A = Elapsed time spent in this place.
 B = Non-inter-level travel time spent in this place.
 C = Inter-level travel time spent in this place.
 D = Time resting spent in this place.
 E = Time spent auto-exploring this place.
 F = Levels seen in this place.
 G = Mean time per level.
                   A        B        C        D        E       F      G
               +--------+--------+--------+--------+--------+-----+--------+
         Total |  38866 |  37025 |   1841 |  16895 |  12301 |  22 | 1766.6 |
       Dungeon |  24834 |  23588 |   1246 |   9381 |   9365 |  15 | 1655.6 |
        Temple |     16 |      8 |      8 |      0 |      0 |   1 |   16.0 |
          Lair |  13535 |  12948 |    587 |   7209 |   2868 |   5 | 2707.0 |
         Sewer |    480 |    480 |      0 |    305 |     67 |   1 |  480.0 |
               +--------+--------+--------+--------+--------+-----+--------+

Top non-repeatable levels by time:
  Lair:5: 3899 daAuts
    D:13: 3437 daAuts
  Lair:1: 3223 daAuts
     D:8: 2451 daAuts
  Lair:2: 2395 daAuts
    D:11: 2308 daAuts
    D:14: 2183 daAuts
  Lair:3: 2145 daAuts
    D:12: 2120 daAuts
     D:7: 2005 daAuts
     D:9: 1984 daAuts
  Lair:4: 1872 daAuts
    D:10: 1840 daAuts
     D:1: 1147 daAuts
     D:2: 1049 daAuts
